 Dungeon Crawl Stone Soup version 0.31.0-11-ge490571c62 (webtiles) character file.

Game seed: 4719938241003540828

0 qw the Shooter (level 1, -2/10 HPs)
             Began as a Spriggan Hunter on Feb 3, 2024.
             Frozen to death by an endoplasm (4 damage)
             ... on level 1 of the Dungeon.
             The game lasted 00:00:00 (41 turns).

qw the Shooter (Spriggan Hunter)                      Turns: 41, Time: 00:00:00

Health: -2/10      AC:  2    Str:  7    XL:     1   Next: 8%
Magic:  2/2        EV: 15    Int: 10    God:
Gold:   0          SH:  0    Dex: 18    Spells: 0/0 levels left

rFire   . . .        a - +0 shortbow
rCold   . . .        (shield currently unavailable)
rNeg    . . .        c - +0 robe
rPois   .            (helmet restricted)
rElec   .            (no cloak)
rCorr   .            (gloves unavailable)
SInv    +            (boots unavailable)
Will    .....        (no amulet)
Stlth   ++           (no ring)
HPRegen 0.21/turn    (no ring)
MPRegen 0.08/turn

%: no passive effects
@: constricted, very quick
A: very small, no large weapons, unfitting armour, see invisible, speed 3
a: no special abilities


You were on level 1 of the Dungeon.
You visited 1 branch of the dungeon, and saw 1 of its levels.


Innate Abilities, Weirdness & Mutations

You are very small and have problems with some larger weapons.
You are too small for most types of armour.
You have supernaturally acute eyesight. (SInv)
You cover ground extremely quickly. (Speed+++)


   Skills:
 - Level 1.5 Fighting
 - Level 4.0 Ranged Weapons
 + Level 2.8 Dodging
 - Level 1.5 Stealth


You couldn't memorise any spells.
You didn't know any spells.
Your spell library was empty.

Inventory:

Hand Weapons
 a - a +0 shortbow (weapon)
Armour
 c - a +0 robe (worn)
Scrolls
 b - a scroll of butterflies

Dungeon Overview and Level Annotations

Branches:
Dungeon (1/15)

Altars:

Annotations:
D:1 2 transporters


Message History

There is a stone staircase leading down here.
A ball python and a kobold come into view.
The kobold shouts!
The ball python hisses angrily.
A giant cockroach comes into view.
You shoot an arrow.
The arrow hits the kobold but does no damage.
The kobold closely misses you.
You shoot an arrow.
The arrow hits the kobold but does no damage.
The kobold closely misses you.
You shoot an arrow.
The arrow hits the kobold but does no damage.
The kobold barely misses you.
An endoplasm comes into view.
You shoot an arrow.
The arrow hits the kobold but does no damage.
The kobold misses you. The kobold barely misses you.
You shoot an arrow. The arrow closely misses the kobold.
The giant cockroach misses you. The kobold completely misses you.
You shoot an arrow. The arrow misses the kobold.
The giant cockroach bites you but does no damage.
The kobold misses you. The giant cockroach misses you.
You shoot an arrow. The arrow hits the kobold.
You kill the kobold!
The giant cockroach bites you but does no damage.
The ball python bites you. The ball python misses you.
You shoot an arrow.
The arrow barely misses the ball python.
The giant cockroach completely misses you.
The ball python closely misses you. The ball python grabs you.
The ball python constricts you. The giant cockroach closely misses you.
You shoot an arrow.
The arrow barely misses the ball python.
The endoplasm hits you. The ball python bites you.
The ball python constricts you.
The giant cockroach completely misses you.
The ball python bites you. The ball python constricts you.
The endoplasm freezes you.
You are frozen.
You die...

#############
........>...#
###############..##.#
#~~~~~~~~###.)...##.#
~~~~~~~~~~##.###.##.#
~~~~.~~~~~##.#......#
~~~.^.~.~~##.#.#.####
~~~}<..~.~##.#......#
~~~.^.~~~..#.###@##.#
~~~~.~~~~~...#.JBS..#
~~~~~~~~~~...#.#.#..#
~~~~~~~~~~.###.#.....#
~~~~~~~~~#.# # #..
#..# ~~~~~~~~...# ?...
...# ~~~~~###.#.. #..#
.#.. ### #.... .... #.
# #..


You could see an endoplasm, a giant cockroach and a ball python.

Vanquished Creatures
  A kobold (D:1)
1 creature vanquished.

Notes
Turn   | Place    | Note
-------+----------+-------------------------------------------
     0 | D:1      | qw the Spriggan Hunter began the quest for the Orb.
     0 | D:1      | Reached XP level 1. HP: 10/10 MP: 2/2
     0 | D:1      | 0 ||| qw: Version: 0.3-a-155-g5e7d8dd
     0 | D:1      | 0 ||| qw: Game counter: 3130
     0 | D:1      | 0 ||| qw: Melee chars always use a shield: true
     0 | D:1      | 0 ||| qw: God list: Okawaru
     0 | D:1      | 0 ||| qw: Allow faded altars: false
     0 | D:1      | 0 ||| qw: Do Orc after clearing Dungeon:15 true
     0 | D:1      | 0 ||| qw: Do second Lair branch before Depths: true
     0 | D:1      | 0 ||| qw: Lair rune preference: random
     0 | D:1      | 0 ||| qw: Goals: Normal
     0 | D:1      | 0 ||| PLANNING D:1-11
    41 | D:1      | HP: 2/10 [constriction (1)]
    41 | D:1      | Frozen to death by an endoplasm

Levels and vault maps discovered:
D:1:      spicycebolla_arrival_transporter_tutorial, layout_basic,
          minmay_tromino_v4_c

Action                     || total
---------------------------++-------
   Fire: Shortbow          ||     9
 Armour: Robe              ||     6
  Dodge: Dodged            ||    14

Table legend:
 A = Non-vault XP
 B = Vault XP
 C = Vault XP percentage of total XP
 D = Non-vault monster count
 E = Vault monster count
 F = Vault count percentage of total count
                 A         B        C        D         E       F
            +---------+---------+-------+---------+---------+-------
      Total |       1 |       0 |   0.0 |       1 |       0 |   0.0
            +---------+---------+-------+---------+---------+-------
        D:1 |       1 |       0 |   0.0 |       1 |       0 |   0.0
            +---------+---------+-------+---------+---------+-------
